 Dungeon Crawl Stone Soup version 0.30-a0-329-g85436e0 (webtiles) character file.

Game seed: 16550416335660690727

187 Sixotanaka the Blocker (level 5, -1/38 HPs)
             Began as a Gnoll Wanderer on Oct 28, 2022.
             Was an Initiate of Okawaru.
             Slain by Ijyb
             ... wielding a +0 club
              (3 damage)
             ... on level 3 of the Dungeon.
             The game lasted 00:07:46 (3298 turns).

Sixotanaka the Blocker (Gnoll Wanderer)             Turns: 3298, Time: 00:07:46

Health: -1/38      AC:  3    Str: 12    XL:     5   Next: 66%
Magic:  12/12      EV: 11    Int: 13    God:    Okawaru [......]
Gold:   119        SH:  6    Dex: 11    Spells: 13/14 levels left

rFire   . . .      SeeInvis .    q - +2 falchion (pain)
rCold   . . .      Faith    .    d - +0 buckler
rNeg    . . .      Spirit   .    c - +0 robe
rPois   +          Reflect  .    (no helmet)
rElec   .          Harm     .    (no cloak)
rCorr   .          Rampage  .    (no gloves)
Will    .....                    h - +0 pair of boots
Stlth   ++........               a - amulet of magic regeneration
HPRegen 0.26/turn                r - ring of poison resistance
MPRegen 0.53/turn                (no ring)

@: no status effects
A: fangs 1, strong nose, distributed training
a: Renounce Religion


You were on level 3 of the Dungeon.
You worshipped Okawaru.
Okawaru was noncommittal.
You visited 1 branch of the dungeon, and saw 3 of its levels.

You collected 119 gold pieces.

Inventory:

Hand Weapons
 q - a +2 falchion of pain (weapon)
Missiles
 e - 3 javelins (quivered)
Armour
 c - a +0 robe (worn)
 d - a +0 buckler (worn)
 h - a +0 pair of boots (worn)
Jewellery
 a - an amulet of magic regeneration (around neck)
 r - a ring of poison resistance (left hand)
Scrolls
 b - 3 scrolls of teleportation
 f - a scroll of enchant weapon {unknown}
 g - 2 scrolls of poison {unknown}
 i - a scroll of fear {unknown}
 j - a scroll of butterflies {unknown}
 l - a scroll of identify {unknown}
 p - a scroll of amnesia {unknown}
Potions
 k - a potion of lignification {unknown}
 m - a potion of ambrosia {unknown}
 n - a potion of degeneration {unknown}
 o - a potion of invisibility {unknown}


   Skills:
 + Level 1.6 Fighting
 + Level 1.6 Short Blades
 + Level 1.6 Long Blades
 + Level 1.6 Axes
 + Level 1.6 Maces & Flails
 + Level 1.6 Polearms
 + Level 1.6 Staves
 + Level 1.6 Ranged Weapons
 + Level 1.6 Throwing
 + Level 1.6 Armour
 + Level 1.6 Dodging
 + Level 1.6 Stealth
 + Level 8.7 Shields
 + Level 1.6 Unarmed Combat
 + Level 5.2 Spellcasting
 + Level 1.3 Conjurations
 + Level 1.3 Hexes
 + Level 2.5 Summonings
 + Level 1.3 Necromancy
 + Level 1.3 Translocations
 + Level 1.3 Transmutations
 + Level 1.3 Fire Magic
 + Level 1.3 Ice Magic
 + Level 1.3 Air Magic
 + Level 1.3 Earth Magic
 + Level 5.6 Poison Magic
 + Level 1.9 Invocations
 + Level 1.6 Evocations


You had 13 spell levels left.
You knew the following spells:

 Your Spells              Type           Power      Damage    Failure   Level
a - Sting                 Tmut/Pois      48%        1d5       5%          1

Your spell library contained the following spells:

 Spells                   Type           Power      Damage    Failure   Level
 Foxfire                  Conj/Fire      24%        2x1d5     13%         1
 Sublimation of Blood     Necr           6%         N/A       21%         2
 Wereblood                Tmut           6%         N/A       21%         2
 Mephitic Cloud           Conj/Pois/Air  10%        N/A       22%         3
 Olgreb's Toxic Radiance  Pois           18%        N/A       22%         4
 Passage of Golubria      Tloc           6%         N/A       78%         4
 Yara's Violent Unravell  Hex/Tmut       3%         3d4       98%         5
 Summon Small Mammal      Summ           Unusable   N/A       N/A         1
 Summon Guardian Golem    Hex/Summ       Unusable   N/A       N/A         3
 Tukima's Dance           Hex            Unusable   N/A       N/A         3
 Animate Armour           Summ/Erth      Unusable   N/A       N/A         4
 Summon Hydra             Summ           Unusable   N/A       N/A         7
 Summon Horrible Things   Summ           Unusable   N/A       N/A         8

Dungeon Overview and Level Annotations

Branches:
Dungeon (3/15)

Altars:
Okawaru
Uskayaw
Zin

Annotations:
D:2 Sigmund
D:3 1 runed translucent door, Ijyb


Innate Abilities, Weirdness & Mutations

You have very sharp teeth.
Your uncanny sense of smell can sniff out nearby items.
Your experience applies equally to all skills.


Message History

The sting hits Ijyb but does no damage.
Ijyb looks even sicker.
Ijyb is lightly wounded.
Casting: Sting (safe; 5% risk of failure)
Confirm with . or Enter, or press ? or * to list all spells.
Aiming: Sting (safe; 5% risk of failure)
Press: ? - help, Shift-Dir - straight line, f/p - Ijyb
Aim: Ijyb, wielding a +0 club, wearing a +0 leather armour and carrying a wand of flame (16) (lightly wounded, very poisoned, 64% to hit)
The sting hits Ijyb.
Ijyb looks as sick as possible!
Ijyb is moderately wounded.
Ijyb screams, "Get away!"
Ijyb barely misses you. Ijyb attacks as you move away! You block Ijyb's attack.
Ijyb zaps a wand.
The puff of flame hits you!
Casting: Sting (safe; 5% risk of failure)
Confirm with . or Enter, or press ? or * to list all spells.
Aiming: Sting (safe; 5% risk of failure)
Press: ? - help, Shift-Dir - straight line, f/p - Ijyb
Aim: Ijyb, wielding a +0 club, wearing a +0 leather armour and carrying a wand of flame (15) (severely wounded, extremely poisoned, 64% to hit)
The sting hits Ijyb but does no damage.
Ijyb looks as sick as possible!
Ijyb is severely wounded.
You barely miss Ijyb.
Ijyb is severely wounded.
Ijyb zaps a wand.
The puff of flame hits you! The worm bites you!
* * * LOW HITPOINT WARNING * * *
Unknown command.
Ijyb attacks as you move away! Ijyb hits you with a +0 club.
* * * LOW HITPOINT WARNING * * *
Ijyb zaps a wand.
The puff of flame misses you.
Unknown command.
Okay, then.
Okay, then.
Casting: Sting (safe; 5% risk of failure)
Confirm with . or Enter, or press ? or * to list all spells.
Aiming: Sting (safe; 5% risk of failure)
Press: ? - help, Shift-Dir - straight line, f/p - Ijyb
Aim: Ijyb, wielding a +0 club, wearing a +0 leather armour and carrying a wand of flame (13) (almost dead, extremely poisoned, 64% to hit)
The sting hits Ijyb but does no damage.
Ijyb looks as sick as possible!
Ijyb is almost dead.
Ijyb attacks as you move away! Ijyb hits you with a +0 club.
You die...

.... #.# #.. ####.#### #.#
####### #.......# ###.####
##.....## #.......# .......#
##.......## ##.......#
###....####.........####........#
#.#......'.........'............
#.###..........w....####........#
## #...#######.g@..## #........#
#..##.#~~~SS#....## ##...#####
#.# #.#~~.~S+...## ##.## ...
...#~~~~S#.+## #.# ##
###.#######.. #.# #..........#
#.# #######.##.# #.# # .. #.# #
#.# #


You could see Ijyb (extremely poisoned), a worm (poisoned) and 4 adders.

Vanquished Creatures
  2 orc priests (D:3)
  3 adders
  3 gnolls
  2 worms (D:2)
  A dart slug (D:1)
  2 orcs (D:3)
  3 ball pythons
  5 bats
  9 endoplasms
  6 giant cockroaches
  A goblin (D:2)
  A hobgoblin (D:1)
  6 jackals (D:1)
  6 kobolds
  2 quokkas
  4 frilled lizards
  6 rats
62 creatures vanquished.

Notes
Turn   | Place    | Note
-------+----------+-------------------------------------------
     0 | D:1      | Sixotanaka the Gnoll Wanderer began the quest for the Orb.
     0 | D:1      | Sixotanaka set off with the following items: a +0 club, a
                  | scroll of teleportation, a +0 robe, a +0 buckler; and the
                  | following spells available to memorise: Sting, Summon Small
                  | Mammal, Olgreb's Toxic Radiance, Mephitic Cloud, Summon
                  | Guardian Golem.
     0 | D:1      | Reached XP level 1. HP: 13/13 MP: 6/6
     2 | D:1      | Learned a level 1 spell: Sting
   267 | D:1      | Reached XP level 2. HP: 19/19 MP: 5/7
   821 | D:1      | Reached skill level 5 in Spellcasting
   821 | D:1      | Reached XP level 3. HP: 21/25 MP: 3/9
  1196 | D:1      | Found Fibluxit's Magic Scroll Shop.
  1270 | D:2      | Noticed Sigmund
  1339 | D:2      | Reached skill level 1 in Invocations
  1346 | D:1      | Reached skill level 1 in Fighting
  1346 | D:1      | Reached skill level 1 in Short Blades
  1346 | D:1      | Reached skill level 1 in Long Blades
  1346 | D:1      | Reached skill level 1 in Axes
  1346 | D:1      | Reached skill level 1 in Maces & Flails
  1346 | D:1      | Reached skill level 1 in Polearms
  1346 | D:1      | Reached skill level 1 in Staves
  1346 | D:1      | Reached skill level 1 in Ranged Weapons
  1346 | D:1      | Reached skill level 1 in Throwing
  1346 | D:1      | Reached skill level 1 in Armour
  1346 | D:1      | Reached skill level 1 in Dodging
  1346 | D:1      | Reached skill level 1 in Stealth
  1346 | D:1      | Reached skill level 1 in Unarmed Combat
  1346 | D:1      | Reached skill level 1 in Evocations
  1418 | D:2      | Reached XP level 4. HP: 25/32 MP: 6/11
  1503 | D:2      | Reached skill level 1 in Conjurations
  1503 | D:2      | Reached skill level 1 in Hexes
  1503 | D:2      | Reached skill level 1 in Necromancy
  1503 | D:2      | Reached skill level 1 in Translocations
  1503 | D:2      | Reached skill level 1 in Transmutations
  1503 | D:2      | Reached skill level 1 in Fire Magic
  1503 | D:2      | Reached skill level 1 in Ice Magic
  1503 | D:2      | Reached skill level 1 in Air Magic
  1503 | D:2      | Reached skill level 1 in Earth Magic
  1617 | D:2      | Got Sanonluu's Collected Works on the Creative Summer
  1787 | D:2      | Found a hide-covered altar of Uskayaw.
  2349 | D:3      | Found an iron altar of Okawaru.
  2360 | D:3      | Became a worshipper of Warmaster Okawaru
  2538 | D:3      | Found a runed translucent door.
  2703 | D:3      | Found a glowing silver altar of Zin.
  2755 | D:3      | Reached XP level 5. HP: 37/37 MP: 9/12
  3270 | D:3      | Noticed Ijyb
  3295 | D:3      | HP: 1/38 [Ijyb/+0 club (5)]
  3298 | D:3      | Slain by Ijyb

Illustrated notes

Levels and vault maps discovered:
D:1:      zelgadis_glass_arrival_small, layout_basic, serial_shops,
          nicolae_lakefront_shop, chequers_serial_rivers_small_3
D:2:      layout_loops_ring, basic_altar,
          nicolae_concentric_dashed_squares_mild,
          amcnicky_mini_rare_corridor_liquid, uniq_sigmund
D:3:      layout_loops_corners, okawaru_ov_weapons_minmay, zin_treasury,
          gup_sewer_entry_glass, ebering_ghost_reflecting_pool,
          bh_walls_and_bars, uniq_ijyb

Skill      XL: |  1  2  3  4 |
---------------+-------------+-----
Summonings     | 2 |  2.5
Spellcasting   | 5 |  5.2
Invocations    | 1 |  1.9
Fighting       | 1 |  1.6
Short Blades   | 1 |  1.6
Long Blades    | 1 |  1.6
Axes           | 1 |  1.6
Maces & Flails | 1 |  1.6
Polearms       | 1 |  1.6
Staves         | 1 |  1.6
Ranged Weapons | 1 |  1.6
Throwing       | 1 |  1.6
Armour         | 1 |  1.6
Dodging        | 1 |  1.6
Stealth        | 1 |  1.6
Unarmed Combat | 1 |  1.6
Evocations     | 1 |  1.6
Conjurations   | 1 |  1.3
Hexes          | 1 |  1.3
Necromancy     | 1 |  1.3
Translocations | 1 |  1.3
Transmutations | 1 |  1.3
Fire Magic     | 1 |  1.3
Ice Magic      | 1 |  1.3
Air Magic      | 1 |  1.3
Earth Magic    | 1 |  1.3
Shields        | |  8.7
Poison Magic   | |  5.6

Action                   |  1- 3 |  4- 6 || total
-------------------------+-------+-------++-------
Melee: Club              |    12 |     6 ||    18
       Bite              |     2 |       ||     2
       Falchion          |       |    14 ||    14
 Cast: Sting             |    52 |    89 ||   141
  Use: Scroll            |       |     2 ||     2
 Stab: Sleeping          |     1 |     1 ||     2
Armor: Robe              |     7 |    15 ||    22
Dodge: Dodged            |    25 |    28 ||    53
Block: Buckler           |     5 |    14 ||    19

Table legend: (Time is in decaauts)
 A = Elapsed time spent in this place.
 B = Non-inter-level travel time spent in this place.
 C = Inter-level travel time spent in this place.
 D = Time resting spent in this place.
 E = Time spent auto-exploring this place.
 F = Levels seen in this place.
 G = Mean time per level.
                   A        B        C        D        E       F      G
               +--------+--------+--------+--------+--------+-----+--------+
         Total |   3311 |   3154 |    157 |    500 |   1768 |   3 | 1103.7 |
       Dungeon |   3311 |   3154 |    157 |    500 |   1768 |   3 | 1103.7 |
               +--------+--------+--------+--------+--------+-----+--------+

Top non-repeatable levels by time:
     D:1: 1384 daAuts
     D:3: 975 daAuts
     D:2: 951 daAuts
